 Dungeon Crawl Stone Soup version 0.17-a0-1020-ge683cc4 (webtiles) character file.

3126 Ngotmuk the Cleaver (level 9, -1/87 HPs)
             Began as a Deep Dwarf Fighter on May 17, 2015.
             Was an Initiate of Ru.
             Slain by Somebody's ghost (18 damage)
             ... on level 10 of the Dungeon.
             The game lasted 00:19:58 (5584 turns).

Ngotmuk the Cleaver (Deep Dwarf Fighter)            Turns: 5584, Time: 00:19:58

Health: -1/87      AC: 16    Str: 22    XL:     9   Next: 61%
Magic:  9/9        EV:  6    Int: 12    God:    Ru [......]
Gold:   336        SH: 11    Dex: 13    Spells: 0 memorised, 8 levels left

rFire  . . .     SeeInvis .     D - +3 whip of Brutal Revenge {slash, Int+5} (curse)
rCold  . . .     Clarity  .     R - +0 chain mail
rNeg   . . .     SustAb   .     c - +0 shield
rPois  .         Gourm    .     (no helmet)
rElec  .         Spirit   .     H - +0 cloak
rCorr  .         Warding  .     P - +2 pair of gloves
rMut   .         Stasis   .     E - +0 pair of boots
MR     ++...                    (no amulet)
Stlth  ..........               B - ring of protection from magic
                                g - +3 ring of slaying

@: non-regenerating, very resistant to hostile enchantments, extremely
unstealthy
A: damage resistance, recharge devices, dopey 1, sense surroundings 2, slow
healing 3
a: Device Recharging, Renounce Religion


You were on level 10 of the Dungeon.
You worshipped Ru.
Ru was noncommittal.
You were hungry.

You visited 2 branches of the dungeon, and saw 11 of its levels.

You collected 336 gold pieces.

Inventory:

Hand weapons
 a - a +0 war axe
 D - the cursed +3 whip of Brutal Revenge (weapon) {slash, Int+5}
   (You found it on level 8 of the Dungeon)

   It inflicts extra damage upon your enemies.
   It affects your intelligence (+5).
   It has a curse placed upon it.
Missiles
 b - 2 javelins (quivered)
Armour
 c - a +0 shield (worn)
 E - a +0 pair of boots (worn)
 H - a +0 cloak (worn)
 P - a +2 pair of gloves (worn)
 R - a +0 chain mail (worn)
Jewellery
 g - a +3 ring of slaying (left hand)
 k - an uncursed ring of poison resistance
 B - a ring of protection from magic (right hand)
Magical devices
 e - a wand of heal wounds (1)
 F - a wand of confusion (21)
 G - a wand of polymorph (12)
 I - a wand of fireball (5)
 J - a wand of flame (7)
 L - a wand of polymorph (10)
Scrolls
 h - 3 scrolls of magic mapping
 i - 5 scrolls of remove curse
 l - a scroll of recharging
 p - 5 scrolls of amnesia
 q - a scroll of enchant armour
 u - 9 scrolls of identify
 y - a scroll of immolation
 K - a scroll of holy word {unknown}
 M - a scroll of teleportation {unknown}
 O - 2 scrolls of enchant weapon {unknown}
Potions
 d - 2 potions of might
 n - 2 potions of agility {unknown}
 o - 3 potions of curing {unknown}
 r - 3 potions of magic {unknown}
 s - a potion of flight {unknown}
 t - a potion of resistance {unknown}
 v - 2 potions of poison {unknown}
 w - 2 potions of heal wounds {unknown}
 x - 3 potions of berserk rage {unknown}
 z - a potion of cancellation {unknown}
 A - a potion of brilliance {unknown}
 C - a potion of invisibility {unknown}
 Q - a potion of degeneration {unknown}
Comestibles
 f - 7 bread rations
 j - 3 royal jellies
 m - 2 meat rations
 N - a beef jerky


   Skills:
 * Level 7.7 Fighting
 * Level 8.9 Axes
 + Level 6.8 Armour
 + Level 6.7 Shields


You had 8 spell levels left.
You didn't know any spells.

Dungeon Overview and Level Annotations

Branches:
Dungeon (10/15)            Temple (1/1) D:5
   Lair: D:8-11         Orc: D:9-12

Altars:
Ashenzari
Dithmenos
Elyvilon
Fedhas
Gozag
Kikubaaqudgha
Makhleb
Nemelex Xobeh
Okawaru
Qazlal
Ru
Sif Muna
Trog
Vehumet
Xom
Yredelemnul
Zin
The Shining One

Shops:
D:4 *

Annotations:
D:9 Pikel
D:10 Somebody's ghost, experienced HOGl


Innate Abilities, Weirdness & Mutations

You are resistant to damage.
You can recharge devices by infusing magical energy.
You are dopey. (Int -2)
You passively map the area around you.
You do not heal naturally.


Message History

The puff of flame hits Somebody's ghost.
Somebody's ghost completely resists.
Somebody's ghost is lightly damaged.
Evoking this partially-identified wand wasted a few charges.
You miss Somebody's ghost.
Somebody's ghost is lightly damaged.
Somebody's ghost hits you but does no damage.
You are electrocuted!
You hit Somebody's ghost.
Somebody's ghost is lightly damaged.
Somebody's ghost hits you but does no damage.
You barely miss Somebody's ghost.
Somebody's ghost is lightly damaged.
Somebody's ghost closely misses you.
You closely miss Somebody's ghost.
Somebody's ghost is lightly damaged.
Somebody's ghost hits you!
* * * LOW HITPOINT WARNING * * *
You are electrocuted!
You die...

#.....##.#####....# ,
#....(............#
#######............#....#
,* #..................#...#
*
**#..................#...#*
* #......................#*
* *
##............#.####....#*
, ,+
#...<[........#W........# ,
................@####.#..#
* ................$# #.# .#
..............#..# *#.# ..
, .........####..... ,..#
.., .........# #.$... ###,
, .. * .........# #...>.#
,,, .,* ########## #..##..
, * , * ** , ,... .. *, * *
* * *


You could see Somebody's ghost.

Vanquished Creatures
  The ghost of ventricule the Spear-Bearer, an experienced FoFi (D:4)
  Grum (D:8)
  Edmund (D:5)
  2 wolves (D:8)
  An orc warrior (D:6)
  A slave (D:10)
  An eye of draining (D:8)
  2 ogres (D:6)
  2 centaurs
  A big kobold (D:7)
  2 giant frogs
  2 scorpions (D:5)
  4 killer bees (D:7)
  9 wights
  A jelly (D:10)
  3 orc wizards
  2 orc priests
  Crazy Yiuf (D:5)
  6 hounds
  Jessica (D:3)
  Terence (D:3)
  2 iguanas
  6 worker ants
  A killer bee zombie (D:5)
  A hound zombie (D:7)
  5 adders
  2 shadow imps (D:5)
  2 oozes (D:2)
  A worm (D:2)
  6 giant geckos
  25 orcs
  A ball python (D:3)
  A bat skeleton (D:5)
  7 goblins
  14 hobgoblins
  24 kobolds
  4 quokkas
  7 bats
  4 giant cockroaches
  A giant gecko skeleton (D:4)
  5 giant newts
  5 jackals
  A jackal skeleton (D:4)
  17 rats
187 creatures vanquished.

Notes
Turn   | Place    | Note
--------------------------------------------------------------
     0 | D:1      | Ngotmuk the Deep Dwarf Fighter began the quest for the Orb.
     0 | D:1      | Reached XP level 1. HP: 20/20 MP: 1/1
   227 | D:1      | Reached XP level 2. HP: 22/27 MP: 2/2
   718 | D:2      | Reached XP level 3. HP: 21/34 MP: 3/3
  1076 | D:2      | Reached XP level 4. HP: 22/42 MP: 4/4
  1220 | D:3      | Noticed Jessica
  1226 | D:3      | Killed Jessica
  1226 | D:3      | Reached skill level 4 in Axes
  1226 | D:3      | Reached XP level 5. HP: 14/50 MP: 5/5
  1656 | D:3      | Found a basalt altar of Yredelemnul.
  1656 | D:3      | Found a shadowy altar of Dithmenos.
  1670 | D:3      | Found a white marble altar of Elyvilon.
  1672 | D:3      | Found a deep blue altar of Sif Muna.
  1675 | D:3      | Found a glowing silver altar of Zin.
  1797 | D:3      | Noticed Terence
  1807 | D:3      | Killed Terence
  2007 | D:4      | Found Xomanty's General Store.
  2011 | D:4      | Noticed ventricule's ghost (experienced FoFi)
  2015 | D:4      | Reached XP level 6. HP: 18/57 MP: 6/6
  2037 | D:4      | Killed ventricule's ghost
  2037 | D:4      | Reached skill level 5 in Fighting
  2037 | D:4      | Reached skill level 5 in Axes
  2037 | D:4      | Reached XP level 7. HP: 13/67 MP: 7/7
  2488 | D:5      | Entered Level 5 of the Dungeon
  2494 | D:5      | Reached skill level 6 in Axes
  2505 | D:5      | Found an opulent altar of Gozag.
  2514 | D:5      | Reached skill level 5 in Armour
  2524 | D:5      | Noticed Edmund
  2536 | D:5      | Killed Edmund
  2536 | D:5      | Reached skill level 5 in Shields
  2536 | D:5      | Reached XP level 8. HP: 25/76 MP: 8/8
  2590 | D:5      | Found a staircase to the Ecumenical Temple.
  2603 | Temple   | Entered the Ecumenical Temple
  2611 | Temple   | Became a worshipper of Ru the Awakened
  3116 | D:5      | Noticed Crazy Yiuf
  3127 | D:5      | Killed Crazy Yiuf
  3312 | D:6      | Reached skill level 7 in Axes
  3662 | D:6      | Gained mutation: You are dopey. (Int -2) [Ru sacrifice]
  3974 | D:7      | Gained mutation: You passively map the area around you. [Deep Dwarf growth]
  3974 | D:7      | Reached XP level 9. HP: 17/86 MP: 9/9
  4043 | D:7      | Reached skill level 8 in Axes
  4643 | D:8      | Got a polished whip
  4644 | D:8      | Identified the cursed +3 whip of Brutal Revenge {slash, Int+5} (You found it on level 8 of the Dungeon)
  4657 | D:8      | Found a glowing golden altar of the Shining One.
  4974 | D:8      | Noticed Grum
  4986 | D:8      | Killed Grum
  5508 | D:9      | Noticed Pikel
  5539 | D:10     | Entered Level 10 of the Dungeon
  5575 | D:10     | Noticed Somebody's ghost (experienced HOGl)
  5584 | D:10     | Slain by Somebody's ghost

Vault maps used:
D:1:      dpeg_arrival_tiny_h, serial_bayou_lake_a
D:2:      kennysheep_generic_room_10
D:3:      grunt_temple_overflow_open, uniq_terence, uniq_jessica
D:4:      serial_shops, nicolae_shop_stone
D:5:      minmay_temple_entry_crystal_x, first_bread, basic_altar,
          uniq_crazy_yiuf_cottage, uniq_edmund
D:6:      minmay_misc_feat_tiny, kennysheep_generic_room_11
D:8:      overflow_temple_1_default, uniq_grum
D:9:      lemuel_doored_altar, orc_0_dummy, uniq_pikel
D:10:     grunt_pizzeria, uniq_urug
Temple:   triangle_lava_temple_12

Action                   |  1- 3 |  4- 6 |  7- 9 || total
-------------------------+-------+-------+-------++-------
Melee: War axe           |    97 |   110 |   254 ||   461
       Whip              |       |       |    85 ||    85
Invok: Sacrifice Purity  |       |       |     1 ||     1
Evoke: Wand              |       |     4 |    12 ||    16
  Use: Scroll            |       |       |    13 ||    13
  Eat: Meat ration       |       |     1 |     1 ||     2
       Pizza             |       |       |     1 ||     1
       Beef jerky        |       |       |     3 ||     3
